 Dungeon Crawl Stone Soup version 0.25.0-37-gb73750e0fb (webtiles) character file.

Game seed: 3141200011137896137

4030 Aviak the Firebug (level 10, -2/76 HPs)
             Began as a Demonspawn Fire Elementalist on July 8, 2020.
             Was a Follower of Vehumet.
             Slain by a killer bee (4 damage)
             ... on level 8 of the Dungeon.
             The game lasted 00:18:49 (10848 turns).

Aviak the Firebug (Demonspawn Fire Elementalist)   Turns: 10848, Time: 00:18:49

Health: -2/76      AC:  8    Str: 14    XL:     10   Next: 4%
Magic:  7/19       EV: 12    Int: 19    God:    Vehumet [*.....]
Gold:   535        SH:  0    Dex: 13    Spells: 5/21 levels left

rFire    + . .     SeeInvis .   a - +4 mace of Peace {vorpal, Str+4}
rCold    . . .     Gourm    .   (no shield)
rNeg     . . .     Faith    .   e - +0 leather armour
rPois    .         Spirit   .   m - +0 helmet
rElec    .         Reflect  .   w - +0 cloak {Stlth+}
rCorr    .         Harm     .   (no gloves)
MR       .....                  p - +1 pair of boots
Stlth    ++++......             s - amulet of magic regeneration
HPRegen  0.22/turn              (no ring)
MPRegen  0.41/turn              b - ring of stealth

@: confused, lethally poisoned (-2 -> -3), about to teleport
A: claws 1, rugged brown scales 1, fire resistance 1, nightstalker 2
a: Renounce Religion


You were on level 8 of the Dungeon.
You worshipped Vehumet.
Vehumet was aware of your devotion.
You were near starving.

You visited 2 branches of the dungeon, and saw 9 of its levels.

You collected 535 gold pieces.

Inventory:

Hand Weapons
 a - the +4 mace of Peace (weapon) {vorpal, Str+4}
   (You found it on level 4 of the Dungeon)

   It inflicts extra damage upon your enemies.
   It affects your strength (+4).
 g - a +2 dagger of electrocution
Armour
 e - a +0 leather armour (worn)
 m - a +0 helmet (worn)
 p - a +1 pair of boots (worn)
 w - a +0 cloak of stealth (worn)
Magical Staves
 j - an uncursed staff of wizardry {Wiz, !a}
Jewellery
 b - a ring of stealth (right claw)
 s - an amulet of magic regeneration (around neck)
 C - an uncursed ring of resist corrosion {unknown}
Wands
 u - a wand of random effects (17)
 D - a wand of paralysis (9)
Scrolls
 i - 8 scrolls of identify
 l - 3 scrolls of amnesia {unknown}
 r - 4 scrolls of remove curse
 t - 2 scrolls of teleportation
 v - a scroll of magic mapping {unknown}
 x - 2 scrolls of enchant weapon
 y - 2 scrolls of enchant armour {unknown}
 E - a scroll of fear {unknown}
 F - 3 scrolls of vulnerability {unknown}
 G - a scroll of random uselessness {unknown}
Potions
 c - a potion of curing
 d - 2 potions of heal wounds {unknown}
 k - a potion of might {unknown}
 o - 3 potions of brilliance {unknown}
 q - a potion of stabbing {unknown}
 z - a potion of berserk rage {unknown}
 A - a potion of mutation {unknown}
 B - a potion of resistance
Comestibles
 h - 15 rations


   Skills:
 + Level 5.4 Fighting
 + Level 3.9 Maces & Flails
 - Level 1.7 Dodging
 - Level 1.7 Stealth
 - Level 6.1 Spellcasting
 + Level 7.3 Conjurations
 + Level 7.8 Fire Magic


You had 5 spell levels left.
You knew the following spells:

 Your Spells              Type           Power        Failure   Level  Hunger
a - Foxfire               Conj/Fire      ####         1%          1    None
b - Conjure Flame         Conj/Fire      ####....     1%          3    ##.....
c - Sticky Flame          Conj/Fire      ####....     6%          4    ####...
d - Fireball              Conj/Fire      ####......   17%         5    #####..
e - Inner Flame           Hex/Fire       ###.....     9%          3    ##.....

Your spell library contained the following spells:

 Spells                   Type           Power        Failure   Level  Hunger
 Magic Dart               Conj           ####         1%          1    None


Dungeon Overview and Level Annotations

Branches:
Dungeon (8/15)             Temple (1/1) D:7
   Lair: D:8-11

Altars:
Ashenzari
Cheibriados
Dithmenos
Elyvilon
Fedhas
Gozag
Hepliaklqana
Kikubaaqudgha
Makhleb
Nemelex Xobeh
Okawaru
Qazlal
Ru
Sif Muna
Trog
Uskayaw
Vehumet
Wu Jian
Xom
Yredelemnul
Zin
The Shining One

Shops:
D:6 :


Innate Abilities, Weirdness & Mutations

You have sharp fingernails.
You are partially covered in rugged brown scales. (AC +1, +3% HP)
Your flesh is heat resistant. (rF+)
You are significantly more attuned to the shadows.


Message History

The killer bee stings you but does no damage.
The killer bee stings you!
* * * LOW HITPOINT WARNING * * *
You are poisoned.
The killer bee poisons you!
The killer bee stings you but does no damage. x3
The killer bee closely misses you. The killer bee barely misses you.
The killer bee stings you but does no damage.
Unknown command.
Unknown command.
Unknown command.
You are confused.
You feel invigorated.
You feel sick. The killer bee barely misses you.
The killer bee stings you but does no damage. x2
The killer bee barely misses you.
The killer bee stings you but does no damage. x2
The killer bee stings you!
* * * LOW HITPOINT WARNING * * *
The killer bee stings you.
You die...

.........### ............####.
#................. ###
#..........y.....# #.#
#...........#..y##
##.###..##.............#
##§...#..###...........[.
#.......y#)))............ ###
###....>((@y†.#............
###.###.........yy###..........
#...............%...##.......#
..#..........%.....)#<......##.
..............%..%..#..........
..#.#..........%%......##......
.....#.........<....####.......
#.#.................# ##......
...#.....#..........#####......


You could see 4 killer bees.

Vanquished Creatures
  2 hippogriffs
  A hungry ghost (D:8)
  3 ice beasts (D:5)
  3 orc warriors
  2 sky beasts
  4 phantoms
  4 ogres
  A necrophage (D:7)
  3 centaurs
  A big kobold (D:8)
  A scorpion (D:8)
  9 killer bees (D:8)
  3 howler monkeys
  3 crimson imps
  A bullfrog zombie (D:5)
  Crazy Yiuf (D:4)
  5 hounds
  4 orc priests
  An iguana (D:7)
  3 bullfrog skeletons
  2 centaur skeletons (D:7)
  5 orc wizards
  3 worker ants
  2 hound skeletons (D:7)
  Robin (D:3)
  A howler monkey skeleton (D:4)
  4 gnolls (D:6)
  13 adders
  An adder zombie (D:6)
  An ooze (D:3)
  An adder skeleton (D:4)
  2 worms (D:2)
  2 dart slugs
  2 leopard geckos
  24 orcs
  5 ball pythons (D:2)
  7 giant cockroaches
  9 goblins
  4 hobgoblins
  20 jackals
  7 kobolds
  5 quokkas
  5 bats
  6 frilled lizards
  5 rats
192 creatures vanquished.

Vanquished Creatures (collateral kills)
  A goblin (D:1)
  A rat (D:1)
2 creatures vanquished.

Vanquished Creatures (others)
  656 foxfires
656 creatures vanquished.

Grand Total: 850 creatures vanquished

Notes
Turn   | Place    | Note
-------+----------+-------------------------------------------
     0 | D:1      | Aviak the Demonspawn Fire Elementalist began the quest for
                  | the Orb.
     0 | D:1      | Reached XP level 1. HP: 13/13 MP: 3/3
   321 | D:1      | Gained mutation: You are slightly more attuned to the
                  | shadows. [demonic ancestry]
   321 | D:1      | Reached XP level 2. HP: 20/20 MP: 0/5
   440 | D:1      | Reached skill level 1 in Fighting
  1313 | D:1      | Reached XP level 3. HP: 25/26 MP: 3/6
  2326 | D:2      | Learned a level 3 spell: Conjure Flame
  2568 | D:2      | Gained mutation: You are significantly more attuned to the
                  | shadows. [demonic ancestry]
  2568 | D:2      | Reached XP level 4. HP: 33/33 MP: 5/8
  3253 | D:3      | Reached XP level 5. HP: 39/39 MP: 9/9
  3454 | D:3      | Noticed Robin
  3457 | D:3      | Killed Robin
  4467 | D:3      | Learned a level 4 spell: Sticky Flame
  4481 | D:4      | Noticed an ogre
  4493 | D:4      | Killed an ogre
  4493 | D:4      | Reached XP level 6. HP: 47/47 MP: 5/11
  5020 | D:4      | Gained mutation: Your flesh is heat resistant. (rF+)
                  | [demonic ancestry]
  5020 | D:4      | Reached XP level 7. HP: 52/52 MP: 1/13
  5179 | D:4      | Found a bloodstained altar of Trog.
  5240 | D:4      | You fall into a shaft and drop 2 floors!
  5538 | D:6      | Reached skill level 5 in Fire Magic
  5965 | D:5      | Entered Level 5 of the Dungeon
  6060 | D:5      | Reached skill level 5 in Spellcasting
  6077 | D:5      | Gained mutation: You have sharp fingernails. [demonic
                  | ancestry]
  6077 | D:5      | Reached XP level 8. HP: 32/58 MP: 10/15
  6386 | D:4      | Found a runed translucent door.
  6388 | D:4      | Noticed Crazy Yiuf
  6887 | D:4      | Killed Crazy Yiuf
  6907 | D:4      | Got a steaming mace
  6908 | D:4      | Identified the +4 mace of Peace {vorpal, Str+4} (You found
                  | it on level 4 of the Dungeon)
  7087 | D:5      | Reached skill level 5 in Conjurations
  7797 | D:6      | Learned a level 5 spell: Fireball
  7801 | D:6      | Learned a level 3 spell: Inner Flame
  7977 | D:6      | Found Votac's Book Shop.
  8012 | D:6      | Reached skill level 1 in Maces & Flails
  8411 | D:6      | Gained mutation: You are partially covered in rugged brown
                  | scales. (AC +1, +3% HP) [demonic ancestry]
  8411 | D:6      | Reached XP level 9. HP: 55/65 MP: 12/18
  8988 | D:7      | Found a staircase to the Ecumenical Temple.
  9007 | Temple   | Entered the Ecumenical Temple
  9098 | Temple   | Became a worshipper of Vehumet
  9513 | D:7      | Found a burning altar of Makhleb.
 10401 | D:8      | Reached skill level 5 in Fighting
 10434 | D:8      | HP: 5/103 [poisoned by a killer bee]
 10440 | D:8      | HP: 5/103 [poisoned by a killer bee]
 10448 | D:8      | HP: 3/69 [poisoned by a killer bee]
 10827 | D:8      | Reached * piety under Vehumet
 10827 | D:8      | Offered knowledge of Magic Dart by Vehumet.
 10827 | D:8      | Reached XP level 10. HP: 29/75 MP: 7/19
 10848 | D:8      | HP: 2/76 [killer bee (8)]
 10848 | D:8      | Slain by a killer bee

Illustrated notes

Levels and vault maps discovered:
D:1:      lemuel_arrival_hallway, layout_basic
D:2:      layout_basic, first_ration, minmay_snake_closets
D:3:      layout_basic, kennysheep_small_spiral, minmay_cupped, uniq_robin
D:4:      layout_rooms, lemuel_coloured_pillars_altar, grunt_tough_drop,
          uniq_crazy_yiuf_cottage
D:5:      layout_basic, kennysheep_generic_room_4
D:6:      layout_basic, serial_shops, shop
D:7:      layout_basic, minmay_temple_entry_wispy, makhleb_blood_cavern_becter
D:8:      layout_cave_pools, serial_shops, shop, david_nohive_1,
          hangedman_decor_opposing, uniq_maggie, uniq_maurice
Temple:   grunt_wide_crystal_templ

Skill      XL: |  1  2  3  4  5  6  7  8  9 |
---------------+----------------------------+-----
Fighting       | 1 2 3 5 |  5.4
Fire Magic     | 3 4 5 6 7 |  7.8
Spellcasting   | 3 4 5 6 |  6.1
Conjurations   | 2 4 5 7 |  7.3
Maces & Flails | 1 3 |  3.9
Dodging        | |  1.7
Stealth        | |  1.7

Action                   |  1- 3 |  4- 6 |  7- 9 | 10-12 || total
-------------------------+-------+-------+-------+-------++-------
Melee: Unarmed           |    28 |       |       |       ||    28
       Dagger            |     2 |    54 |    59 |       ||   115
       Mace              |       |       |   134 |     3 ||   137
 Cast: Foxfire           |    81 |    96 |   274 |    13 ||   464
       Sticky Flame      |       |       |    22 |       ||    22
       Conjure Flame     |       |       |     6 |       ||     6
       Inner Flame       |       |       |     3 |       ||     3
Evoke: Wand              |       |       |     3 |       ||     3
  Use: Scroll            |     2 |     3 |       |     1 ||     6
       Potion            |       |       |     3 |     3 ||     6
 Stab: Sleeping          |       |     4 |    15 |       ||    19
       Distracted        |       |     1 |     1 |       ||     2
  Eat: Chunk             |     5 |     4 |    18 |       ||    27
       Ration            |       |     1 |     1 |       ||     2
Armor: Robe              |    15 |       |       |       ||    15
       Leather armour    |     1 |    19 |    88 |    13 ||   121
       Skin              |       |       |    44 |       ||    44
Dodge: Dodged            |    44 |    59 |   189 |    18 ||   310
